AoeStats
← IRONFLYTE

Arabia

509823585Analyzed
2v2 RM · 4d ago on Sep 28, 2026· 54m 40s· 4 players
Game mode
Random Map
Map size
Medium (4 player)
Population
200
Speed
Normal
Resources
Standard
Victory
Conquest
Starting age
Dark Age
Ending age
Imperial Age
RankedLock teamsTeams togetherTeam positionsShared explorationLock speedFull tech treeHidden civsTurbo modeCheats
Victory
Defeat
🇺🇸 Franks · United States
964
+16
🇺🇸 Persians · United States
937
+16
🇯🇵 Danes · Japan
957
-16
🇹🇼 Teutons · Taiwan
953
-16
TricksterElite
0:54 Loom
9:40 Feudal Age
10:57 Wheelbarrow
10:10 Double-Bit Axe
10:50 Town Watch
11:00 Stone Mining
17:54 Gold Mining
24:15 Castle Age
24:19 Forging
26:33 Husbandry
29:29 Hand Cart
32:30 Gold Shaft Mining
39:11 Caravan
42:16 Imperial Age
41:07 Scale Barding Armor
45:10 Fortified Wall
46:01 Chemistry
48:40 Iron Casting
48:27 Conscription
48:23 Murder Holes
48:40 Masonry
49:03 Chain Barding Armor
50:45 Blast Furnace
50:30 Cavalier
52:23 Architecture
52:36 Plate Barding Armor
53:38 Hoardings
54:28 Paladin
IRONFLYTE
0:39 Loom
17:20 Feudal Age
17:51 Double-Bit Axe
17:47 Horse Collar
19:47 Wheelbarrow
18:58 Town Watch
20:11 Town Watch
21:01 Wheelbarrow
20:26 Gold Mining
20:26 Stone Mining
20:29 Gold Mining
26:04 Forging
25:54 Scale Mail Armor
25:59 Scale Barding Armor
25:44 Fletching
25:54 Padded Archer Armor
29:24 Castle Age
30:10 Bow Saw
30:01 Heavy Plow
30:02 Caravan
30:24 Hand Cart
31:08 Town Patrol
34:18 Stone Shaft Mining
34:18 Gold Shaft Mining
36:10 Masonry
36:04 Murder Holes
39:59 Imperial Age
38:35 Chain Barding Armor
38:51 Iron Casting
38:30 Fervor
39:48 Bodkin Arrow
40:08 Leather Archer Armor
40:09 Chain Mail Armor
40:17 Ballistics
41:25 Chemistry
41:53 Ring Archer Armor
42:26 Blast Furnace
42:48 Two-Man Saw
42:39 Crop Rotation
43:16 Hoardings
43:37 Conscription
43:32 Citadels
44:08 Conscription
43:31 Cavalier
44:12 Husbandry
44:28 Pikeman
45:08 Squires
44:29 Man-at-Arms
44:54 Gambesons
44:54 Arson
45:45 Architecture
46:47 Plate Mail Armor
46:52 Plate Barding Armor
45:42 Long Swordsman
45:45 Halberdier
46:20 Capped Ram
47:14 Heated Shot
48:44 Kamandaran
49:55 Siege Ram
knight
6:24 Loom
6:28 Loom
10:18 Feudal Age
12:47 Forging
12:45 Man-at-Arms
13:11 Arson
20:53 Castle Age
20:57 Horse Collar
21:08 Double-Bit Axe
21:12 Long Swordsman
21:43 Gambesons
21:59 Squires
23:26 Scale Mail Armor
24:02 Iron Casting
26:10 Heavy Plow
27:52 Chain Mail Armor
33:27 Wheelbarrow
33:08 Bow Saw
33:44 Gold Mining
35:11 Hand Cart
34:52 Stone Mining
40:17 Imperial Age
42:22 Blast Furnace
41:54 Plate Mail Armor
41:49 Conscription
44:58 Elite Varangian Guard
45:08 Hamask
45:50 Onager
49:14 Gold Shaft Mining
49:05 Pikeman
52:22 Chemistry
50:50 Halberdier
52:50 Stone Shaft Mining
stickysushi
7:25 Loom
7:54 Loom
10:46 Feudal Age
13:49 Fletching
22:47 Castle Age
21:10 Double-Bit Axe
21:57 Horse Collar
23:38 Pikeman
24:25 Elite Skirmisher
25:21 Bodkin Arrow
27:26 Bow Saw
28:02 Sanctity
29:10 Heavy Plow
31:26 Redemption
35:20 Imperial Age
33:18 Padded Archer Armor
33:19 Scale Mail Armor
33:55 Gold Mining
34:47 Gambesons
35:03 Squires
36:41 Leather Archer Armor
36:42 Chain Mail Armor
36:58 Conscription
36:27 Arson
37:24 Wheelbarrow
38:46 Ring Archer Armor
38:27 Forging
40:10 Chemistry
39:23 Town Watch
39:01 Halberdier
41:43 Crenellations
42:06 Illumination
41:57 Block Printing
42:39 Hand Cart
42:46 Stone Mining
45:56 Redemption
45:56 Fervor
47:01 Hoardings
46:10 Sappers
48:34 Town Patrol
49:33 Masonry
49:28 Siege Engineers
49:44 Ballistics
52:47 Plate Mail Armor
Connection lost

Rejoining the realm…

Still unreachable

The connection could not be restored.

Session expired

The server has moved on; the page needs a fresh start.